 Dungeon Crawl Stone Soup version 0.30-a0-311-gf115ab0292 (webtiles) character file.

Game seed: 16467138854109179517

107605 Bnni the Warrior (level 16, -7/192 HPs)
             Began as an Ogre Cinder Acolyte on Oct 25, 2022.
             Was the Champion of Okawaru.
             Mangled by an orc warrior
             ... wielding a +0 broad axe
              (25 damage)
             ... on level 2 of the Orcish Mines.
             The game lasted 00:42:18 (17956 turns).

Bnni the Warrior (Ogre Cinder Acolyte)             Turns: 17956, Time: 00:42:18

Health: -7/192     AC: 30    Str: 26    XL:     16   Next: 47%
Magic:  18/25      EV:  4    Int: 15    God:    Okawaru [******]
Gold:   2069       SH:  0    Dex: 16    Spells: 17/17 levels left

rFire   + . .      SeeInvis .    T - +4 giant club (spect)
rCold   + . .      Faith    .    (shield currently unavailable)
rNeg    + + .      Spirit   .    b - +6 gold dragon scales of Tomorrow {rPois rF+ rC+ rN++ Dex+6}
rPois   +          Reflect  .    Q - +0 hat of Philately {Dex+4 Slay+2}
rElec   .          Harm     .    R - +0 cloak
rCorr   .          Rampage  .    (gloves unavailable)
Will    +....                    (boots unavailable)
Stlth   ..........               o - amulet of regeneration
HPRegen 1.32/turn                w - +4 ring of protection
MPRegen 0.19/turn                F - +4 ring of protection

@: heroic, finesse-ful, studying Throwing
A: large, unfitting armour, tough skin 1
a: Renounce Religion, Heroism, Finesse, Duel


You were on level 2 of the Orcish Mines.
You worshipped Okawaru.
Okawaru was exalted by your worship.
You visited 4 branches of the dungeon, and saw 23 of its levels.
You also visited: Ice Cave.

You collected 2281 gold pieces.
You spent 212 gold pieces at shops.

Inventory:

Hand Weapons
 v - the +8 great mace "Uptoiluo" {vorpal, rC++ rN+++ Str-4}
   (Okawaru gifted it to you in an ice cave)

   It inflicts extra damage upon your enemies.
   Str:       It affects your strength (-4).
   rC:        It greatly protects you from cold.
   rN:        It renders you almost immune to negative energy.
 y - the +11 flail of Past Mistakes {protect, *Rage rC+ Str+6}
   (You bought it in a shop on level 4 of the Dungeon)

   It grants its wielder temporary protection when it strikes (+7 to AC).
   Str:       It affects your strength (+6).
   rC:        It protects you from cold.
   *Rage:     It berserks you when you make melee attacks (+20% chance).
 B - a +0 giant spiked club of freezing
 T - a +4 spectral giant club (weapon)
Missiles
 m - 4 datura-tipped darts (quivered)
 J - 8 curare-tipped darts
 K - 2 throwing nets
 N - 16 large rocks
Armour
 b - the +6 gold dragon scales of Tomorrow (worn) {rPois rF+ rC+ rN++ Dex+6}
   (You acquired it on level 3 of the Lair of Beasts)

   Dex:       It affects your dexterity (+6).
   rF:        It protects you from fire.
   rC:        It protects you from cold.
   rPois:     It protects you from poison.
   rN:        It greatly protects you from negative energy.
 Q - the +0 hat of Philately (worn) {Dex+4 Slay+2}
   (You found it on level 4 of the Lair of Beasts)

   Dex:       It affects your dexterity (+4).
   Slay:      It affects your accuracy & damage with ranged weapons and melee
   (+2).
 R - a +0 cloak (worn)
Jewellery
 f - a ring of ice
 g - a ring of protection from fire
 h - a +4 ring of slaying
 o - an amulet of regeneration (around neck)
 w - a +4 ring of protection (left hand)
 E - an amulet of reflection
 F - a +4 ring of protection (right hand)
 L - a ring of protection from fire
 Y - a ring of flight
Wands
 j - a wand of mindburst (6)
 V - a wand of iceblast (20)
 W - a wand of flame (15)
 X - a wand of light (16)
 Z - a wand of digging (6)
Scrolls
 a - 5 scrolls of magic mapping
 e - 3 scrolls of silence
 i - 5 scrolls of vulnerability {unknown}
 k - 12 scrolls of teleportation
 l - 2 scrolls of brand weapon
 n - 4 scrolls of blinking
 t - 2 scrolls of enchant weapon
 D - 6 scrolls of fear
 O - 6 scrolls of enchant armour
 S - 3 scrolls of amnesia
Potions
 c - 3 potions of invisibility
 d - 4 potions of berserk rage
 p - 6 potions of lignification
 q - 5 potions of cancellation
 r - 8 potions of curing
 s - 7 potions of haste
 x - 2 potions of flight
 z - 5 potions of attraction
 A - 3 potions of heal wounds
 G - 5 potions of mutation
 H - 3 potions of brilliance
 I - 4 potions of might
 P - a potion of magic
 U - 2 potions of ambrosia


   Skills:
 + Level 19.8(24.8) Fighting
 * Level 19.6(24.6) Maces & Flails
 + Level 8.6(13.6) Throwing
 - Level 1.2 Spellcasting
 - Level 2.6 Fire Magic
 + Level 12.3 Invocations


You had 17 spell levels left.
You didn't know any spells.
Your spell library contained the following spells:

 Spells                   Type           Power      Damage    Failure   Level
 Magic Dart               Conj           0%         1d3       100%        1
 Blink                    Tloc           0%         N/A       100%        2
 Cigotuvi's Dreadful Rot  Necr/Pois/Air  0%         N/A       100%        2
 Scorch                   Fire           16%        2d6       100%        2
 Searing Ray              Conj           0%         2d4       100%        2
 Dazzling Flash           Conj/Hex       0%         N/A       100%        3
 Gell's Gravitas          Tloc           0%         N/A       100%        3
 Hailstorm                Conj/Ice       0%         3d3       100%        3
 Ignite Poison            Fire/Tmut/Pois 3%         N/A       100%        3
 Kindle Blastsparks       Fire/Tloc/Air  6%         2d10      100%        3
 Lesser Beckoning         Tloc           0%         N/A       100%        3
 Teleport Other           Tloc           0%         N/A       100%        3
 Dispel Undead            Necr           0%         3d6       100%        4
 Flame Wave               Conj/Fire      4%         2d5       100%        4
 Fulminant Prism          Conj/Hex       0%         3d6       100%        4
 Ice Form                 Ice/Tmut       0%         N/A       100%        4
 Iskenderun's Mystic Bla  Conj/Tloc      0%         2d3       100%        4
 Leda's Liquefaction      Hex/Erth       0%         N/A       100%        4
 Manifold Assault         Tloc           0%         N/A       100%        4
 Passage of Golubria      Tloc           0%         N/A       100%        4
 Agony                    Necr           0%         N/A       100%        5
 Freezing Cloud           Conj/Ice/Air   0%         6-21      100%        5
 Lee's Rapid Deconstruct  Erth           0%         3d4*      100%        5
 Silence                  Hex/Air        0%         N/A       100%        5
 Yara's Violent Unravell  Hex/Tmut       0%         3d3       100%        5
 Statue Form              Tmut/Erth      0%         N/A       100%        6
 Orb of Destruction       Conj           0%         9d5       100%        7
 Storm Form               Tmut/Air       0%         N/A       100%        7
 Summon Guardian Golem    Hex/Summ       Unusable   N/A       N/A         3
 Tukima's Dance           Hex            Unusable   N/A       N/A         3
 Death Channel            Necr           Unusable   N/A       N/A         6
 Simulacrum               Ice/Necr       Unusable   N/A       N/A         6
 Summon Cactus Giant      Summ           Unusable   N/A       N/A         6
 Spellforged Servitor     Conj/Summ      Unusable   N/A       N/A         7

Dungeon Overview and Level Annotations

Branches:
Dungeon (15/15)            Temple (1/1) D:5            Lair (5/5) D:11
 Shoals (0/4) Lair:2       Spider (0/4) Lair:2        Slime (0/5) Lair:5
    Orc (2/2) D:9          Vaults (0/5) D:13         Depths (0/4) D:15
  IceCv (visited)
    Elf: Orc:2

Altars:
Ashenzari
Cheibriados
Dithmenos
Elyvilon
Fedhas
Gozag
Hepliaklqana
Kikubaaqudgha
Makhleb
Nemelex Xobeh
Okawaru
Qazlal
Ru
Sif Muna
Trog
Uskayaw
Vehumet
Wu Jian
Xom
Yredelemnul
Zin
The Shining One
Jiyva

Shops:
D:4 (   D:6 *   D:7 (   D:8 *   D:10 ?   Orc:2 ([

Portals:
Abyss: Lair:1
Trove: D:12 (give +6 demon blade)


Innate Abilities, Weirdness & Mutations

You are too large for most types of armour.
You have tough skin. (AC +1)


Message History

Press: ? - help, Shift-Dir - straight line, f - orc warlord
Aim: an orc warlord, wielding a +3 war axe of electrocution and wearing a +0 chain mail (severely wounded, strong, 80% to hit)
You throw a throwing net. The throwing net hits the orc warlord.
The orc warlord is caught in the net!
The orc warlord is severely wounded.
You thump the orc warlord!
The orc warlord is almost dead.
Your +4 spectral giant club hits the orc warlord!!
You kill the orc warlord!
Okawaru accepts your kill. Okawaru crowns you victorious!
An exit appears.
Unknown command.
K - 2 throwing nets (gained 1)
Things that are here:
a +3 war axe of electrocution; a +0 chain mail
There is an empty arch of ancient stone, spattered with blood here.
You start resting.
The spectator waves excitedly.
The spectator mumbles to another spectator.
Okawaru bids you farewell from the Arena.
The spectator's armour gleams in the torchlight.
You are returned from the Arena.
Welcome back to the Orcish Mines!
The orc warrior hits you with a +0 dire flail.
* * * LOW HITPOINT WARNING * * *
The orc knight roars a battlecry!
The orcs go into a battle-frenzy!
The orc warrior barely misses you.
Unknown command.
You completely miss the orc warrior.
Your +4 spectral giant club hits the orc warrior!!
The orc closely misses your +4 spectral giant club.
The orc warrior hits you from afar with a +0 glaive!
* * * LOW HITPOINT WARNING * * *
The orc warrior hits you with a +0 battleaxe!!
* * * LOW HITPOINT WARNING * * *
The orc warrior hits you from afar with a +0 halberd.
* * * LOW HITPOINT WARNING * * *
The orc hits you but does no damage.
The orc warrior hits you with a +0 broad axe!!
You die...

...P.....P..#
......∩.....#
.......o....####
...^.....PP.#..##
......o.........#
....Poooo......#
#.P.(oo......#.
##.o.@o...$.... ......
#...#o......... ......
#.....$....$...
......###..###......##
..P......###..<......#
.P.......##........###
P.................##
..8...P..).......##
.P.∩...).))....##.##


You could see an orc knight, 7 orc warriors, an orc priest (strong), 2 orcs and
a friendly +4 spectral giant club (summoned).

Vanquished Creatures
  Roxanne (D:14)
  Kirke (Lair:5)
  A frost giant (IceCv)
  An orc warlord (Arena)
  The ghost of choppaz the Severer, a journeyman MiBe of Trog (D:12)
  Snorg (D:12)
  Erolcha (D:11)
  The ghost of ouz the Slicer, a journeyman KoBr of Uskayaw (D:12)
  An ice dragon (Lair:5)
  6 hydras
  The ghost of mojasp the Carver, a journeyman BaBr of Sif Muna (D:9)
  An ogre mage (D:15)
  Erica (D:9)
  6 centaur warriors
  5 boulder beetles
  4 two-headed ogres
  A death knight (D:14)
  8 death yaks
  The ghost of PanSaczeczos the Genius of the Arcane, a novice HOFE of Sif Muna (Lair:1)
  An orc high priest (Orc:2)
  A thrashing horror (Lair:1)
  2 tengu warriors (D:14)
  An iron troll (D:13)
  A lindwurm (Lair:5)
  A necromancer (D:15)
  2 wizards (D:15)
  Pikel (D:7)
  2 deep elf pyromancers
  3 orc knights (Orc:2)
  2 orc sorcerers
  A wolf spider (Lair:5)
  4 cyclopes
  An oklob plant (Lair:4)
  A manticore (D:14)
  10 ugly things
  14 elephants (Lair:5)
  A guardian serpent (Lair:5)
  An apocalypse crab (Lair:1)
  5 torpor snails (Lair:5)
  An ice statue (IceCv)
  9 black mambas
  A black mamba (shapeshifter) (D:14)
  A centaur skeleton (D:15)
  2 gargoyles
  A cane toad (shapeshifter) (D:15)
  3 kobold demonologists
  An unseen horror (D:12)
  22 cane toads
  2 efreet
  10 rime drakes
  2 freezing wraiths
  8 komodo dragons
  A hellwing (Lair:1)
  A tengu conjurer (D:14)
  An ancient zyme (Lair:1)
  2 ice devils (Lair:1)
  4 trolls
  12 polar bears
  16 hornets
  3 meliai (D:13)
  Prince Ribbit (D:7)
  4 tyrant leeches (Lair:5)
  6 dream sheep (Lair:5)
  19 blink frogs
  4 slime creatures (D:14)
  A snapping turtle (Lair:2)
  3 centaur simulacra (D:15)
  Sigmund (D:3)
  2 shadows (D:12)
  16 wyverns
  4 wraiths
  2 vampires
  A spriggan (Lair:1)
  7 basilisks
  53 yaks
  14 fire elementals
  A basilisk (shapeshifter) (D:14)
  A hog (Lair:5)
  3 humans (Lair:5)
  2 redbacks (Lair:5)
  Grum (D:10)
  6 vampire mosquitoes
  Menkaure (D:6)
  3 steam dragons
  A warg (Orc:2)
  3 acid dragons
  14 water moccasins
  2 ice beasts (D:5)
  14 orc warriors
  3 black bears
  7 ogres
  49 wolves
  6 centaurs
  A phantom (D:6)
  A lemure (D:7)
  9 kobold brigands
  Blork the orc (D:6)
  A necrophage (D:4)
  A gnoll sergeant (D:10)
  10 bullfrogs
  3 scorpions
  3 wights (D:9)
  13 killer bees
  A howler monkey (D:10)
  3 electric eels (D:13)
  6 hounds
  3 orc priests
  2 gnoll boudas
  15 jellies
  2 iguanas
  11 orc wizards
  Robin (D:3)
  10 gnolls
  7 adders
  3 white imps
  An ufetubus (D:6)
  2 worms (D:2)
  4 dart slugs
  34 orcs
  10 ball pythons
  6 endoplasms
  4 giant cockroaches
  19 goblins
  7 hobgoblins
  11 jackals
  3 quokkas
  6 bats
  3 frilled lizards
  12 kobolds
  3 rats
  A plant (Lair:5)
689 creatures vanquished.

Vanquished Creatures (others)
  19 foxfires (D:6)
  22 fungi
  55 plants
  5 withered plants (D:12)
101 creatures vanquished.

Grand Total: 790 creatures vanquished

Notes
Turn   | Place    | Note
-------+----------+-------------------------------------------
     0 | D:1      | Bnni the Ogre Cinder Acolyte began the quest for the Orb.
     0 | D:1      | Reached XP level 1. HP: 24/24 MP: 2/2
   221 | D:1      | Reached XP level 2. HP: 26/32 MP: 3/3
   389 | D:1      | Reached XP level 3. HP: 28/40 MP: 4/4
  1262 | D:2      | Noticed a scorpion
  1269 | D:2      | Killed a scorpion
  1270 | D:2      | Reached skill level 5 in Fighting
  1270 | D:2      | Reached XP level 4. HP: 50/50 MP: 5/5
  1364 | D:2      | Found a faded altar of an unknown god.
  1431 | D:2      | Reached XP level 5. HP: 55/57 MP: 6/6
  1654 | D:3      | Noticed Sigmund
  1665 | D:3      | Killed Sigmund
  1666 | D:3      | Reached skill level 5 in Maces & Flails
  1666 | D:3      | Reached XP level 6. HP: 60/67 MP: 7/7
  1708 | D:3      | Found a radiant altar of Vehumet.
  1745 | D:3      | Noticed Robin
  1757 | D:3      | Killed Robin
  1787 | D:3      | Found a sacrificial altar of Ru.
  2446 | D:4      | Found Disun's Antique Weapon Boutique.
  2556 | D:4      | Bought a jewelled flail for 212 gold pieces
  2556 | D:4      | Identified the +11 flail of Past Mistakes {protect, *Rage
                  | rC+ Str+6} (You bought it in a shop on level 4 of the
                  | Dungeon)
  2893 | D:4      | Reached XP level 7. HP: 76/76 MP: 8/8
  2922 | D:5      | Entered Level 5 of the Dungeon
  3008 | D:5      | Found a staircase to the Ecumenical Temple.
  3064 | Temple   | Entered the Ecumenical Temple
  3331 | D:5      | Reached XP level 8. HP: 88/88 MP: 9/9
  3836 | D:6      | Noticed Blork the orc
  3838 | D:6      | Noticed Menkaure
  3842 | D:6      | Killed Blork the orc
  3844 | D:6      | Killed Menkaure
  4021 | D:6      | Reached XP level 9. HP: 98/98 MP: 10/10
  4071 | D:6      | Identified the +9 short sword of the Onslaught {vorpal,
                  | +Blink Will- Dex+4}
  4256 | D:6      | Found Edal's Serpentskin Sales.
  4393 | D:6      | Reached skill level 10 in Fighting
  4659 | D:7      | Noticed a cyclops
  4668 | D:7      | Killed a cyclops
  4669 | D:7      | Reached skill level 10 in Maces & Flails
  4745 | D:7      | Noticed a freezing wraith
  4754 | D:7      | Killed a freezing wraith
  4787 | D:7      | Reached XP level 10. HP: 104/113 MP: 11/11
  4826 | D:7      | Identified the -1 pair of boots of the Sixty-Six Towns
                  | {rPois rN+ MP+9}
  4857 | D:7      | Noticed Prince Ribbit
  4883 | D:7      | Killed Prince Ribbit
  4910 | D:7      | Noticed Pikel
  4919 | D:7      | Killed Pikel
  4950 | D:7      | Found Haegg's Weapon Emporium.
  5655 | D:8      | Found Qesh's Gadget Gallery.
  6091 | D:9      | Noticed Erica
  6100 | D:9      | Killed Erica
  6130 | D:9      | Reached XP level 11. HP: 106/126 MP: 12/12
  6572 | D:9      | Noticed mojasp's ghost (journeyman BaBr)
  6573 | D:9      | Found a runed translucent gate.
  6574 | D:9      | Found a runed translucent gate.
  6574 | D:9      | Found a runed translucent gate.
  6582 | D:9      | Noticed a sixfirhy
  6608 | D:9      | Killed mojasp's ghost
  6615 | D:9      | Noticed a sun demon
  6682 | D:9      | Found a staircase to the Orcish Mines.
  6840 | D:9      | Paralysed by a hornet for 3 turns
  7087 | D:10     | Entered Level 10 of the Dungeon
  7189 | D:10     | Found a shadowy altar of Dithmenos.
  7189 | D:10     | Found a hazy altar of Hepliaklqana.
  7189 | D:10     | Found a sparkling altar of Nemelex Xobeh.
  7190 | D:10     | Found an iron altar of Okawaru.
  7196 | D:10     | Fell from the grace of Ignis
  7196 | D:10     | Became a worshipper of Warmaster Okawaru
  7225 | D:10     | Found Dakicleto's Magic Scroll Emporium.
  7427 | D:10     | Noticed Grum
  7442 | D:10     | Killed Grum
  7442 | D:10     | Reached * piety under Okawaru
  7763 | D:10     | Reached skill level 1 in Invocations
  8115 | D:11     | Reached ** piety under Okawaru
  8116 | D:11     | Reached XP level 12. HP: 140/140 MP: 13/13
  8205 | D:11     | Found a staircase to the Lair.
  8287 | D:11     | Noticed Erolcha
  8295 | D:11     | Killed Erolcha
  8564 | D:12     | Noticed a boulder beetle
  8566 | D:12     | Killed a boulder beetle
  8588 | D:12     | Reached *** piety under Okawaru
  8622 | D:12     | Found a portal to a secret trove of treasure.
  8635 | D:12     | Noticed a boulder beetle
  8642 | D:12     | Killed a boulder beetle
  8643 | D:12     | Reached skill level 15 in Fighting
  8755 | D:12     | Noticed a boulder beetle
  8761 | D:12     | Killed a boulder beetle
  8762 | D:12     | Reached skill level 15 in Maces & Flails
  8781 | D:12     | Reached **** piety under Okawaru
  9082 | D:12     | Noticed Snorg
  9092 | D:12     | Killed Snorg
  9093 | D:12     | Reached skill level 5 in Invocations
  9223 | D:12     | Found a runed translucent gate.
  9223 | D:12     | Found a runed translucent gate.
  9223 | D:12     | Found a runed translucent gate.
  9224 | D:12     | Noticed choppaz's ghost (journeyman MiBe)
  9225 | D:12     | Noticed ouz's ghost (journeyman KoBr)
  9420 | D:12     | Killed choppaz's ghost
  9426 | D:12     | Killed ouz's ghost
  9565 | D:13     | Noticed a centaur warrior
  9565 | D:13     | Noticed a centaur warrior
  9624 | D:13     | Reached ***** piety under Okawaru
  9629 | D:13     | Killed a centaur warrior
  9644 | D:13     | Killed a centaur warrior
  9645 | D:13     | Reached XP level 13. HP: 86/152 MP: 17/17
  9870 | D:13     | Received a gift from Okawaru
 10096 | D:13     | Found a gate to the Vaults.
 10181 | D:13     | Was forgiven by Ignis
 10260 | D:14     | Noticed Roxanne
 10624 | D:14     | Killed Roxanne
 10678 | D:14     | Identified the +10 plate armour of Morality {Dex+3 SInv}
 10725 | D:15     | Entered Level 15 of the Dungeon
 10858 | D:15     | Reached ****** piety under Okawaru
 10864 | D:15     | Reached XP level 14. HP: 109/166 MP: 12/20
 10877 | Arena    | Entered the Arena
 10878 | Arena    | Received a gift from Okawaru
 11152 | D:15     | Identified the +0 kite shield "Nadwupt" {Harm Drain Fly
                  | rN+++} (Okawaru gifted it to you on level 15 of the
                  | Dungeon)
 11152 | D:15     | Received a gift from Okawaru
 11335 | D:15     | Found a staircase to the Depths.
 11576 | Lair:1   | Entered Level 1 of the Lair of Beasts
 11828 | Lair:1   | Found a one-way gate to the infinite horrors of the Abyss.
 11828 | Lair:1   | Noticed PanSaczeczos's ghost (novice HOFE)
 11856 | Lair:1   | Identified the +1 plate armour "Jishratsa" {Will+ Str+2
                  | Int+3}
 11946 | Lair:1   | Found a frozen archway.
 11963 | IceCv    | Entered an ice cave
 12297 | IceCv    | Reached skill level 10 in Invocations
 12345 | IceCv    | Noticed a frost giant
 12349 | IceCv    | Killed a frost giant
 12361 | IceCv    | Identified the +8 great mace "Uptoiluo" {vorpal, rC++ rN+++
                  | Str-4} (Okawaru gifted it to you in an ice cave)
 12361 | IceCv    | Received a gift from Okawaru
 12785 | Lair:1   | Found a transporter.
 12786 | Lair:1   | Found a transporter.
 12946 | Lair:1   | Killed PanSaczeczos's ghost
 12978 | Lair:1   | Reached XP level 15. HP: 140/178 MP: 19/22
 13104 | Lair:2   | Found a hole to the Spider Nest.
 13124 | Lair:2   | Reached skill level 1 in Throwing
 13150 | Lair:2   | Identified the +1 robe of the Nine Emperors {Int+3}
 13705 | Lair:2   | Found a staircase to the Shoals.
 14208 | Lair:3   | Identified the +1 animal skin of Hidgh {rF++ Str+5}
                  | (Okawaru gifted it to you on level 3 of the Lair of Beasts)
 14208 | Lair:3   | Received a gift from Okawaru
 14239 | Lair:3   | Identified a scroll of acquirement
 14241 | Lair:3   | Acquired the +6 gold dragon scales of Tomorrow {rPois rF+
                  | rC+ rN++ Dex+6}
 15099 | Lair:4   | Identified the +0 hat of Philately {Dex+4 Slay+2}
 15313 | Lair:4   | Reached skill level 5 in Throwing
 15746 | Lair:5   | Entered Level 5 of the Lair of Beasts
 16054 | Lair:5   | Noticed Kirke
 16064 | Lair:5   | Killed Kirke
 16096 | Lair:5   | Reached XP level 16. HP: 79/189 MP: 24/24
 16204 | Lair:5   | Identified the +4 great mace of Seut {pain, *Noise Fly
                  | rElec rF+++ Dex-2} (Okawaru gifted it to you on level 5 of
                  | the Lair of Beasts)
 16204 | Lair:5   | Received a gift from Okawaru
 16261 | Lair:5   | Found a viscous altar of Jiyva.
 16261 | Lair:5   | Found a staircase to the Slime Pits.
 16429 | Lair:5   | Found a runed translucent door.
 17582 | Orc:1    | Entered Level 1 of the Orcish Mines
 17771 | Orc:2    | Entered Level 2 of the Orcish Mines
 17779 | Orc:2    | Found Rirphool's Antique Weapon Shop.
 17790 | Orc:2    | Paralysed by an orc sorcerer for 3 turns
 17903 | Orc:2    | Found Woimmurie's Antique Armour Boutique.
 17923 | Arena    | Entered the Arena
 17956 | Orc:2    | Mangled by an orc warrior

Illustrated notes

Levels and vault maps discovered:
D:1:      sevenhm_arrival_forest_fort_small_4, layout_basic, eino_curves_04,
          dk_noncrumbling_2, grunt_decor_junction
D:2:      layout_rooms, hellmonk_ecumenical_altar_lost_god
D:3:      layout_basic, nicolae_ru_awakened_eye, nicolae_overflow_crystal_walls,
          minmay_misc_feat_room, minmay_strange_pillars, uniq_sigmund,
          uniq_robin
D:4:      layout_cave_pools, serial_shops, nicolae_stop_n_shop_1
D:5:      layout_rooms, lemuel_temple_firewalk_b
D:6:      black_bear_nest_2, layout_cave_pools, minivault_10,
          guppyfry_shop_venom, uniq_blork_the_orc, uniq_menkaure
D:7:      layout_gridville, serial_shops, nicolae_shop_bloodbath_and_beyond,
          minmay_three_doors, uniq_prince_ribbit1, uniq_pikel
D:8:      layout_loops_cross, nicolae_shop_gadgets
D:9:      layout_roguey, orc_0_dummy, gammafunk_ghost_nasty_kobolds, uniq_erica
D:10:     layout_roguey, chequers_temple_overflow_statue_of_worship,
          serial_shops, shop, st_stairs_3, uniq_grum
D:11:     layout_cave_pools, grunt_lair_entry_orc_guard_hut,
          hangedman_decor_diamond_cutter, nicolae_kite_square_tiling_tiny,
          uniq_erolcha
D:12:     layout_long_grid, enter_trove_2, gammafunk_ghost_cemetery,
          grunt_ministairs_13, uniq_snorg
D:13:     layout_big_octagon, david_vaults_4
D:14:     kennysheep_cluttered_fort, layout_rooms, minmay_misc_feat_five,
          uniq_roxanne
D:15:     grunt_enter_depths_magical_seal, layout_rooms, hangedman_decor_points
Temple:   nicolae_temple_slightly_damp_pantheon
Lair:1:   layout_loops_ring, portal_ice_cave_demonic_guard,
          gammafunk_ghost_abyssal_escape, grunt_forest_small_clearing_treed
Lair:2:   layout_hall_layers, minmay_shoals_entry_hut,
          spider_nest_entry_web_field, grunt_megastairs_3
Lair:3:   layout_big_grid, grunt_megastairs_2
Lair:4:   layout_hall_layers, minmay_lair_drake_nest
Lair:5:   hangedman_lair_tendril_chambers, layout_regular_city, wormcave,
          minmay_slime_entry_jelly_boxes, uniq_kirke
Orc:1:    layout_caves, basic_altar, uniq_gastronok
Orc:2:    grunt_orc_gardens, layout_diamond_mine, grunt_orc_garden,
          grunt_orc_garden, grunt_orc_garden, grunt_orc_garden

Skill      XL: |  1  2  3  4  5  6  7  8  9 10 11 12 13 14 15 16 |
---------------+-------------------------------------------------+-----
Maces & Flails | 3 4 5 6 7 8 10 12 14 15 16 18 19 | 19.6
Fighting       | 5 6 7 9 11 12 14 15 17 18 19 | 19.8
Invocations    | 2 5 8 10 11 12 | 12.3
Throwing       | 6 8 |  8.6
Spellcasting   | |  1.2
Fire Magic     | |  2.6

Action                   |  1- 3 |  4- 6 |  7- 9 | 10-12 | 13-15 | 16-18 || total
-------------------------+-------+-------+-------+-------+-------+-------++-------
Melee: Mace              |    79 |    73 |       |       |       |       ||   152
       Flail             |       |    17 |   137 |   402 |       |       ||   556
       Punch             |       |       |     2 |     2 |       |       ||     4
       Giant club        |       |       |       |   104 |   591 |   206 ||   901
       Great mace        |       |       |       |       |    41 |       ||    41
Throw: Dart              |     3 |     6 |       |       |     1 |       ||    10
       Throwing net      |       |       |       |       |       |     1 ||     1
Invok: Fiery Armour      |       |     1 |       |       |       |       ||     1
       Foxfire Swarm     |       |       |     1 |       |       |       ||     1
       Heroism           |       |       |       |     2 |     3 |     1 ||     6
       Finesse           |       |       |       |       |     2 |     1 ||     3
       Duel              |       |       |       |       |     1 |     1 ||     2
  Use: Scroll            |       |       |     7 |     6 |    14 |     4 ||    31
       Potion            |       |       |       |     2 |     1 |       ||     3
 Stab: Distracted        |       |       |       |     4 |     8 |     3 ||    15
Armor: Robe              |    30 |    40 |    99 |   247 |       |       ||   416
       Troll leather arm |       |       |       |    55 |   204 |       ||   259
       Acid dragon scale |       |       |       |    13 |       |       ||    13
       Gold dragon scale |       |       |       |       |   236 |   213 ||   449
       Animal skin       |       |       |       |       |     2 |       ||     2
Dodge: Dodged            |    40 |    41 |    75 |   204 |   174 |    24 ||   558

Table legend: (Time is in decaauts)
 A = Elapsed time spent in this place.
 B = Non-inter-level travel time spent in this place.
 C = Inter-level travel time spent in this place.
 D = Time resting spent in this place.
 E = Time spent auto-exploring this place.
 F = Levels seen in this place.
 G = Mean time per level.
                   A        B        C        D        E       F      G
               +--------+--------+--------+--------+--------+-----+--------+
         Total |  18089 |  17183 |    906 |    757 |  12937 |  26 |  695.7 |
       Dungeon |  11715 |  11002 |    713 |    615 |   8171 |  15 |  781.0 |
        Temple |    182 |    164 |     18 |      0 |    147 |   1 |  182.0 |
          Lair |   5190 |   5020 |    170 |    112 |   3991 |   5 | 1038.0 |
  Orcish Mines |    320 |    315 |      5 |      0 |    245 |   2 |  160.0 |
      Ice Cave |    628 |    628 |      0 |      0 |    383 |   1 |  628.0 |
         Arena |     51 |     51 |      0 |     29 |      0 |   2 |   25.5 |
               +--------+--------+--------+--------+--------+-----+--------+

Top non-repeatable levels by time:
  Lair:5: 1666 daAuts
     D:1: 1207 daAuts
  Lair:4: 1116 daAuts
    D:12: 1073 daAuts
     D:9: 1012 daAuts
  Lair:2: 930 daAuts
     D:6: 904 daAuts
    D:10: 849 daAuts
     D:8: 846 daAuts
  Lair:1: 777 daAuts
     D:3: 773 daAuts
     D:7: 748 daAuts
     D:5: 736 daAuts
    D:11: 712 daAuts
    D:15: 710 daAuts
